 Dungeon Crawl Stone Soup version 0.30-a0-297-g0ec75d9ef4 (webtiles) character file.

Game seed: 10944390533529731355

65 GodfreyOfGoldenOrder the Scratcher (level 3, -2/17 HPs)
             Began as a Felid Transmuter on Oct 19, 2022.
             Slain by a hobgoblin (5 damage)
             ... on level 3 of the Dungeon.
             The game lasted 00:04:06 (1009 turns).

GodfreyOfGoldenOrder the Scratcher (FeTm)           Turns: 1009, Time: 00:04:07

Health: -2/17      AC:  1    Str:  6    XL:     3   Next: 92%
Magic:  6/8        EV: 17    Int: 16    God:
Gold:   79         SH:  0    Dex: 16    Spells: 7/8 levels left
                                        Lives:  0   Deaths: 0

rFire   . . .      SeeInvis +      - Unarmed
rCold   . . .      Faith    .    (shield unavailable)
rNeg    . . .      Spirit   .    (body armour unavailable)
rPois   .          Reflect  .    (helmet unavailable)
rElec   .          Harm     .    (cloak unavailable)
rCorr   .          Rampage  .    (gloves unavailable)
Will    .....                    (boots unavailable)
Stlth   +.........               (no amulet)
HPRegen 0.22/turn                (no ring)
MPRegen 0.11/turn                (no ring)

@: appendages (expiring), quick
A: horns 2, very small, claws 1, fangs 3, see invisible, speed 1, shaggy fur 1,
stealthy paws, no weapons or thrown items, no armour, multi-lived
a: End Transformation


You were on level 3 of the Dungeon.
You had temporarily grown beastly horns.
You visited 1 branch of the dungeon, and saw 4 of its levels.

You collected 79 gold pieces.

Inventory:

Scrolls
 b - a scroll of magic mapping {unknown}
 c - a scroll of summoning {unknown}
 e - a scroll of enchant armour {unknown}
 g - a scroll of blinking {unknown}
 h - 4 scrolls of identify {unknown}
 l - a scroll of amnesia {unknown}
Potions
 a - a potion of lignification
 d - a potion of flight {unknown}
 f - a potion of haste {unknown}
 i - a potion of curing {unknown}
 j - a potion of ambrosia {unknown}
 k - a potion of heal wounds {unknown}


   Skills:
 - Level 3.0 Fighting
 + Level 2.7 Dodging
 - Level 3.0 Unarmed Combat
 - Level 3.0 Spellcasting
 - Level 2.1 Transmutations


You had 7 spell levels left.
You knew the following spells:

 Your Spells              Type           Power      Damage    Failure   Level
a - Beastly Appendage     Tmut           18%        N/A       8%          1

Your spell library contained the following spells:

 Spells                   Type           Power      Damage    Failure   Level
 Wereblood                Tmut           9%         N/A       12%         2
 Spider Form              Tmut/Pois      5%         N/A       34%         3
 Dazzling Flash           Conj/Hex       4%         N/A       50%         3
 Ice Form                 Ice/Tmut       5%         N/A       75%         4
 Agony                    Necr           2%         N/A       99%         5
 Silence                  Hex/Air        1%         N/A       99%         5


Dungeon Overview and Level Annotations

Branches:
Dungeon (4/15) Zot: 23153
 Temple: D:4-7

Altars:

Annotations:
D:4 2 transporters


Innate Abilities, Weirdness & Mutations

You have temporarily grown beastly horns.
You have sharp claws.
You have razor-sharp teeth.
You have supernaturally acute eyesight. (SInv)
You cover ground quickly. (Speed+)
You are covered in fur. (AC +1)
Your paws help you pounce on unaware monsters.
You are incapable of wielding weapons or throwing items.
You cannot wear armour.
You gain extra lives every three experience levels.


Message History

You scratch the orc wizard but do no damage.
You bite the orc wizard, but do no damage.
The orc wizard is severely wounded.
The orc wizard hits you with a +0 dagger.
You scratch the orc wizard.
The orc wizard is almost dead.
The orc wizard hits you with a +0 dagger.
* * * LOW HITPOINT WARNING * * *
You barely miss the orc wizard.
The orc wizard is almost dead.
The orc wizard misses you.
You scratch the orc wizard.
You kill the orc wizard!
The jackal bites you but does no damage.
You grow a pair of large bovine horns.
The jackal closely misses you.
You closely miss the jackal. The jackal closely misses you.
You completely miss the jackal. You headbutt the jackal.
The jackal is moderately wounded.
The jackal closely misses you. The jackal bites you.
* * * LOW HITPOINT WARNING * * *
You scratch the jackal.
The jackal is heavily wounded.
The jackal closely misses you.
You barely miss the jackal.
The jackal is heavily wounded.
Your transformation is almost over.
The jackal misses you. The jackal bites you.
* * * LOW HITPOINT WARNING * * *
You barely miss the jackal.
The jackal is heavily wounded.
The jackal misses you.
You scratch the jackal.
You kill the jackal!
Training target 3.0 for Spellcasting reached!
Your Spellcasting skill increases to level 3!
You need to enable at least one skill for training.
You scratch the hobgoblin.
The hobgoblin is lightly wounded.
The hobgoblin hits you.
You die...

##......###.###.#
##..##.# #.#
##+##.# #†#
#####.# # #...#
#.. #'#.# ....
##.#####..#.#
##...##.......
#..⌠.@g....#
##.()####..#
##.## # #+#


You could see a hobgoblin.

Vanquished Creatures
  An orc wizard (D:3)
  A dart slug (D:1)
  3 orcs (D:3)
  4 ball pythons
  2 bats
  3 endoplasms
  6 goblins
  2 hobgoblins (D:1)
  3 jackals (D:3)
  4 frilled lizards (D:1)
  A kobold (D:1)
  3 rats (D:1)
33 creatures vanquished.

Notes
Turn   | Place    | Note
-------+----------+-------------------------------------------
     0 | D:1      | GodfreyOfGoldenOrder the Felid Transmuter began the quest
                  | for the Orb.
     0 | D:1      | Reached XP level 1. HP: 9/9 MP: 4/4
   152 | D:1      | Reached XP level 2. HP: 6/13 MP: 6/6
   871 | D:2      | You fall into a shaft and drop 2 floors!
   903 | D:4      | Found a transporter.
   907 | D:4      | Noticed a water moccasin
   916 | D:4      | Noticed a centaur
   920 | D:4      | Found a transporter.
   953 | D:3      | Reached XP level 3. HP: 16/17 MP: 7/7
  1009 | D:3      | Slain by a hobgoblin

Illustrated notes

Levels and vault maps discovered:
D:1:      onia_arrival_mini_maze_b, layout_basic, hangedman_decor_push,
          minmay_pentomino_w2
D:2:      minmay_inner_zag, layout_rooms, hellmonk_ecumenical_altar_lost_god,
          uniq_sigmund, uniq_jessica
D:3:      layout_loops_ring, nicolae_hexahallways, patterned_corridor,
          uniq_terence
D:4:      layout_rooms, gammafunk_temple_overflow_arena

Skill      XL: |  1  2  3 |
---------------+----------+-----
Fighting       | 2 3 |  3.0
Spellcasting   | 3 |  3.0
Dodging        | |  2.7
Unarmed Combat | |  3.0
Transmutations | |  2.1

Action                   || total
-------------------------++-------
Melee: Unarmed           ||    94
       Punch             ||     2
       Headbutt          ||     8
       Bite              ||     6
 Cast: Beastly Appendage ||     6
Armor: Skin              ||     6
Dodge: Dodged            ||    70

Table legend: (Time is in decaauts)
 A = Elapsed time spent in this place.
 B = Non-inter-level travel time spent in this place.
 C = Inter-level travel time spent in this place.
 D = Time resting spent in this place.
 E = Time spent auto-exploring this place.
 F = Levels seen in this place.
 G = Mean time per level.
                   A        B        C        D        E       F      G
               +--------+--------+--------+--------+--------+-----+--------+
         Total |    845 |    830 |     15 |      0 |    511 |   4 |  211.2 |
       Dungeon |    845 |    830 |     15 |      0 |    511 |   4 |  211.2 |
               +--------+--------+--------+--------+--------+-----+--------+

Top non-repeatable levels by time:
     D:1: 698 daAuts
     D:3: 71 daAuts
     D:4: 47 daAuts
     D:2: 27 daAuts
